General information
- name: BNet
- type: Ladder team game (AT/RT)
- host: Battle.net
- saver: NerotendoLXIV
map: Dragonblight
- players: 6
- length: 39:09
- speed: Fast
- version: 1.26 W3XP
- replay type:

» download(301 KB)
Players
team 1 (winner)
AtariusMMDC (
pink | 113 APM | 4430 actions | 39:08)
9 Blademaster
3 Wind Walk
3 Critical Strike
1 Bladestorm
2 Mirror Image
» actions
| Assign group hotkey | 352 | |
| Basic commands | 13 | |
| Build / train | 100 | |
| ESC pressed | 10 | |
| Enter build submenu | 52 | |
| Enter hero's abilities submenu | 10 | |
| Give item / drop item | 2 | |
| Right click | 2167 | |
| Select / deselect | 475 | |
| Select group hotkey | 724 | |
| Use ability | 525 | |
4430 total
» units
| Peon | 18 | |
| Troll Batrider | 39 | |
| Shaman | 1 | |
| Troll Witch Doctor | 1 | |
59 total
» upgrades
| Reinforced Defenses | 1 | |
| Liquid Fire | 1 | |
| Ranged Weapons | 2 | |
| Shaman Training | 2 | |
| Witch Doctor Training | 2 | |
8 total
» buildings
| Altar of Storms | 1 | |
| Orc Burrow | 4 | |
| War Mill | 1 | |
| Watch Tower | 32 | |
| Stronghold | 2 | |
| Voodoo Lounge | 3 | |
| Beastiary | 4 | |
| Fortress | 2 | |
| Great Hall | 1 | |
| Spirit Lodge | 1 | |
51 total
» build order
00:07 Altar of Storms
00:09 Orc Burrow
00:19 War Mill
01:57 Watch Tower
02:02 Watch Tower
02:06 Orc Burrow
02:49 Stronghold
02:50 Stronghold
02:58 Watch Tower
03:21 Watch Tower
03:22 Watch Tower
03:28 Voodoo Lounge
03:31 Voodoo Lounge
03:33 Voodoo Lounge
04:17 Watch Tower
04:25 Orc Burrow
04:30 Watch Tower
04:31 Watch Tower
05:19 Beastiary
05:19 Beastiary
05:46 Fortress
05:47 Beastiary
05:55 Watch Tower
05:56 Watch Tower
06:43 Watch Tower
06:57 Great Hall
07:05 Watch Tower
07:06 Watch Tower
07:58 Watch Tower
08:13 Watch Tower
08:15 Watch Tower
09:04 Watch Tower
09:43 Watch Tower
09:44 Watch Tower
10:12 Watch Tower
10:42 Beastiary
11:27 Watch Tower
11:28 Watch Tower
11:33 Watch Tower
12:33 Watch Tower
12:33 Watch Tower
13:39 Watch Tower
13:40 Watch Tower
15:15 Watch Tower
15:16 Watch Tower
15:17 Watch Tower
16:27 Watch Tower
18:19 Watch Tower
21:44 Orc Burrow
22:54 Spirit Lodge
» items
| Healing Salve | 3 | |
| Lesser Clarity Potion | 2 | |
| Orb of Lightning | 2 | |
| Boots of Speed | 1 | |
| Periapt of Vitality | 1 | |
| Staff of Teleportation | 1 | |
| Potion of Healing | 1 | |
11 total
Birdeneering (
purple | 109 APM | 4267 actions | 39:08)
5 Archmage
3 Blizzard
2 Brilliance Aura
5 Blood Mage
3 Flame Strike
2 Siphon Mana
3 Mountain King
2 Storm Bolt
1 Bash
» actions
| Assign group hotkey | 386 | |
| Basic commands | 20 | |
| Build / train | 154 | |
| Enter build submenu | 119 | |
| Enter hero's abilities submenu | 14 | |
| Give item / drop item | 4 | |
| Right click | 1949 | |
| Select / deselect | 453 | |
| Select group hotkey | 867 | |
| Use ability | 301 | |
4267 total
» units
| Peasant | 27 | |
| Sorceress | 1 | |
| Priest | 1 | |
29 total
» upgrades
| Masonry | 3 | |
| Lumber Harvesting | 2 | |
| Magic Sentry | 1 | |
| Sorceress Training | 2 | |
| Priest Training | 1 | |
9 total
» buildings
| Altar of Kings | 1 | |
| Lumber Mill | 1 | |
| Farm | 12 | |
| Scout Tower | 123 | |
| Arcane Tower | 10 | |
| Guard Tower | 65 | |
| Arcane Vault | 2 | |
| Keep | 1 | |
| Arcane Sanctum | 1 | |
| Castle | 1 | |
| Town Hall | 3 | |
220 total
» build order
00:03 Altar of Kings
00:18 Lumber Mill
00:35 Farm
00:45 Farm
01:34 Farm
01:37 Scout Tower
01:38 Scout Tower
01:56 Scout Tower
01:57 Scout Tower
02:28 Arcane Tower
02:30 Scout Tower
02:30 Guard Tower
02:32 Scout Tower
02:46 Arcane Tower
03:00 Scout Tower
03:01 Guard Tower
03:43 Scout Tower
03:44 Guard Tower
04:13 Guard Tower
04:14 Guard Tower
04:15 Scout Tower
04:21 Scout Tower
04:22 Guard Tower
05:01 Arcane Vault
05:02 Guard Tower
05:12 Scout Tower
05:12 Guard Tower
05:43 Keep
05:45 Scout Tower
05:46 Guard Tower
06:18 Scout Tower
06:20 Scout Tower
06:20 Scout Tower
06:22 Arcane Tower
06:26 Scout Tower
06:26 Scout Tower
06:27 Scout Tower
06:28 Scout Tower
06:50 Scout Tower
06:51 Arcane Vault
07:09 Farm
07:17 Scout Tower
07:43 Guard Tower
07:50 Arcane Tower
07:50 Arcane Tower
08:11 Scout Tower
08:12 Scout Tower
08:13 Scout Tower
08:14 Scout Tower
08:25 Arcane Sanctum
09:00 Castle
09:04 Scout Tower
09:14 Guard Tower
09:19 Scout Tower
09:20 Scout Tower
09:22 Scout Tower
09:23 Scout Tower
09:38 Arcane Tower
10:23 Guard Tower
10:26 Scout Tower
10:28 Scout Tower
10:37 Guard Tower
11:04 Guard Tower
11:05 Scout Tower
11:59 Scout Tower
12:00 Scout Tower
12:10 Scout Tower
12:11 Scout Tower
12:12 Guard Tower
13:32 Scout Tower
13:33 Scout Tower
13:36 Scout Tower
13:37 Scout Tower
13:42 Guard Tower
13:46 Scout Tower
13:46 Scout Tower
13:49 Guard Tower
13:51 Scout Tower
13:54 Scout Tower
13:55 Scout Tower
13:59 Guard Tower
14:00 Guard Tower
17:24 Guard Tower
17:25 Guard Tower
17:26 Guard Tower
17:26 Guard Tower
18:03 Scout Tower
18:04 Scout Tower
18:04 Scout Tower
18:05 Scout Tower
18:08 Scout Tower
18:10 Scout Tower
18:11 Scout Tower
18:14 Scout Tower
18:15 Scout Tower
18:15 Scout Tower
18:16 Scout Tower
18:17 Scout Tower
18:19 Scout Tower
18:42 Arcane Tower
18:46 Guard Tower
18:46 Guard Tower
18:46 Guard Tower
18:52 Guard Tower
18:52 Guard Tower
18:55 Guard Tower
18:55 Guard Tower
18:55 Guard Tower
19:23 Guard Tower
19:24 Scout Tower
19:25 Scout Tower
19:28 Scout Tower
19:29 Scout Tower
19:30 Guard Tower
20:27 Guard Tower
20:30 Scout Tower
20:31 Scout Tower
20:39 Guard Tower
20:40 Scout Tower
20:42 Scout Tower
21:06 Guard Tower
21:07 Guard Tower
21:37 Scout Tower
21:38 Scout Tower
21:39 Scout Tower
21:39 Scout Tower
21:41 Scout Tower
21:42 Scout Tower
21:45 Scout Tower
21:46 Guard Tower
21:56 Guard Tower
22:00 Scout Tower
22:01 Scout Tower
22:45 Guard Tower
22:49 Guard Tower
22:52 Scout Tower
22:56 Arcane Tower
23:11 Guard Tower
23:28 Scout Tower
24:10 Guard Tower
24:28 Guard Tower
24:29 Scout Tower
25:07 Guard Tower
25:43 Scout Tower
25:55 Scout Tower
25:57 Scout Tower
25:58 Scout Tower
25:59 Scout Tower
26:00 Scout Tower
26:01 Scout Tower
26:02 Scout Tower
26:10 Scout Tower
26:57 Scout Tower
26:58 Scout Tower
26:58 Scout Tower
27:00 Scout Tower
27:01 Scout Tower
27:07 Farm
27:07 Farm
27:20 Farm
27:21 Farm
27:22 Farm
27:28 Farm
27:30 Arcane Tower
27:31 Guard Tower
27:53 Guard Tower
27:56 Guard Tower
28:00 Scout Tower
28:01 Scout Tower
28:32 Scout Tower
28:54 Guard Tower
29:02 Farm
29:24 Scout Tower
29:25 Scout Tower
29:26 Scout Tower
29:26 Scout Tower
29:29 Scout Tower
29:29 Scout Tower
29:30 Scout Tower
29:30 Scout Tower
29:31 Scout Tower
29:39 Farm
30:04 Guard Tower
30:31 Scout Tower
30:32 Scout Tower
30:33 Guard Tower
30:35 Scout Tower
30:35 Scout Tower
30:36 Scout Tower
30:38 Scout Tower
30:39 Scout Tower
30:56 Arcane Tower
31:00 Guard Tower
31:10 Guard Tower
31:20 Guard Tower
31:36 Guard Tower
31:40 Guard Tower
31:41 Scout Tower
32:00 Guard Tower
32:05 Town Hall
32:07 Town Hall
32:11 Guard Tower
32:31 Guard Tower
32:59 Scout Tower
33:00 Scout Tower
33:09 Town Hall
33:21 Scout Tower
33:49 Guard Tower
35:28 Scout Tower
35:28 Scout Tower
35:29 Scout Tower
35:31 Scout Tower
35:32 Scout Tower
35:36 Guard Tower
35:39 Scout Tower
35:40 Scout Tower
35:50 Guard Tower
36:14 Guard Tower
» items
| Boots of Speed | 3 | |
| Potion of Invisibility | 2 | |
| Orb of Lightning | 3 | |
| Healing Salve | 1 | |
| Staff of Teleportation | 3 | |
| Staff of Sanctuary | 2 | |
| Scroll of Town Portal | 3 | |
| Scroll of Regeneration | 1 | |
| Staff of Preservation | 1 | |
| Periapt of Vitality | 1 | |
| Circlet of Nobility | 1 | |
21 total
NerotendoLXIV (
yellow | 100 APM | 3933 actions | 39:08)
4 Warden
2 Shadow Strike
2 Blink
4 Pandaren Brewmaster
2 Breath of Fire
2 Drunken Haze
» actions
| Assign group hotkey | 13 | |
| Basic commands | 12 | |
| Build / train | 61 | |
| Enter build submenu | 20 | |
| Enter hero's abilities submenu | 7 | |
| Give item / drop item | 2 | |
| Remove unit from queue | 2 | |
| Right click | 2788 | |
| Select / deselect | 428 | |
| Select group hotkey | 347 | |
| Use ability | 252 | |
3933 total
» units
» upgrades
| Ultravision | 1 | |
| Strength of the Wild | 0 | |
| Well Spring | 1 | |
| Nature's Blessing | 1 | |
3 total
» buildings
| Altar of Elders | 1 | |
| Moon Well | 17 | |
| Tree of Ages | 2 | |
| Hunter's Hall | 1 | |
| Ancient of Wonders | 1 | |
| Tree of Eternity | 1 | |
| Tree of Life | 2 | |
25 total
» build order
00:27 Altar of Elders
00:37 Moon Well
01:42 Moon Well
05:00 Tree of Ages
05:00 Tree of Ages
07:08 Hunter's Hall
08:13 Ancient of Wonders
09:11 Tree of Eternity
11:16 Moon Well
11:17 Moon Well
11:18 Moon Well
11:19 Moon Well
11:20 Moon Well
13:46 Moon Well
13:47 Moon Well
13:48 Moon Well
13:49 Moon Well
14:24 Tree of Life
15:51 Moon Well
15:51 Moon Well
17:52 Moon Well
17:52 Moon Well
18:49 Tree of Life
25:14 Moon Well
25:15 Moon Well
» items
| Boots of Speed | 2 | |
| Staff of Teleportation | 2 | |
| Healing Salve | 3 | |
| Lesser Clarity Potion | 5 | |
| Orb of Venom | 1 | |
| Staff of Preservation | 1 | |
| Staff of Sanctuary | 1 | |
| Orb of Lightning | 1 | |
| Potion of Healing | 2 | |
18 total
team 2 (loser)
fumywifeplz (
orange | 73 APM | 2116 actions | 28:58)
2 Priestess of the Moon
1 Searing Arrows
1 Trueshot Aura
» actions
| Assign group hotkey | 15 | |
| Basic commands | 14 | |
| Build / train | 91 | |
| Enter build submenu | 22 | |
| Enter hero's abilities submenu | 2 | |
| Remove unit from queue | 6 | |
| Right click | 1058 | |
| Select / deselect | 416 | |
| Select group hotkey | 408 | |
| Use ability | 84 | |
2116 total
» units
» upgrades
| Corrosive Breath | 1 | |
| Strength of the Wild | 3 | |
| Reinforced Hides | 1 | |
| Well Spring | 1 | |
6 total
» buildings
| Altar of Elders | 1 | |
| Moon Well | 10 | |
| Tree of Life | 2 | |
| Tree of Ages | 2 | |
| Tree of Eternity | 2 | |
| Ancient of Wind | 1 | |
| Hunter's Hall | 1 | |
| Chimaera Roost | 4 | |
23 total
» build order
00:06 Altar of Elders
00:13 Moon Well
05:17 Moon Well
09:24 Moon Well
11:45 Tree of Life
13:13 Tree of Ages
13:14 Tree of Ages
16:15 Tree of Eternity
16:26 Ancient of Wind
18:02 Hunter's Hall
18:39 Chimaera Roost
18:41 Chimaera Roost
18:45 Chimaera Roost
19:10 Chimaera Roost
20:08 Moon Well
20:09 Moon Well
20:09 Moon Well
20:17 Tree of Life
21:07 Moon Well
21:08 Moon Well
21:52 Moon Well
21:55 Moon Well
» items
| Scroll of Regeneration | 1 | |
| Lesser Clarity Potion | 3 | |
| Potion of Lesser Invulnerability | 1 | |
| Potion of Healing | 3 | |
8 total
LoGiTecH-GaM1nG (
red | 121 APM | 4729 actions | 39:07)
5 Death Knight
3 Death Coil
2 Unholy Aura
4 Lich
2 Frost Nova
2 Frost Armor
5 Crypt Lord
2 Impale
3 Spiked Carapace
1 Archmage
1 Brilliance Aura
1 Blood Mage
1 Siphon Mana
» actions
| Assign group hotkey | 43 | |
| Basic commands | 5 | |
| Build / train | 105 | |
| Enter build submenu | 22 | |
| Enter hero's abilities submenu | 18 | |
| Give item / drop item | 6 | |
| Remove unit from queue | 2 | |
| Right click | 2220 | |
| Select / deselect | 605 | |
| Select group hotkey | 1530 | |
| Use ability | 173 | |
4729 total
» units
| Acolyte | 10 | |
| Ghoul | 1 | |
| Crypt Fiend | 10 | |
| Frost Wyrm | 15 | |
| Chimaera | 1 | |
| Wisp | 2 | |
39 total
» upgrades
| Creature Attack | 3 | |
| Creature Carapace | 3 | |
| Burrow | 1 | |
| Web | 1 | |
| Freezing Breath | 1 | |
9 total
» buildings
| Crypt | 1 | |
| Graveyard | 1 | |
| Altar of Darkness | 1 | |
| Ziggurat | 10 | |
| Tomb of Relics | 1 | |
| Halls of the Dead | 3 | |
| Nerubian Tower | 6 | |
| Black Citadel | 2 | |
| Sacrificial Pit | 1 | |
| Boneyard | 3 | |
| Necropolis | 2 | |
| Tree of Life | 1 | |
32 total
» build order
00:11 Crypt
00:14 Graveyard
00:37 Altar of Darkness
00:46 Ziggurat
01:18 Tomb of Relics
01:21 Ziggurat
02:14 Halls of the Dead
02:14 Halls of the Dead
02:58 Ziggurat
03:00 Nerubian Tower
03:00 Nerubian Tower
04:11 Ziggurat
04:39 Black Citadel
04:44 Sacrificial Pit
06:26 Ziggurat
06:27 Ziggurat
07:06 Boneyard
07:08 Boneyard
07:08 Boneyard
08:17 Ziggurat
09:20 Ziggurat
21:53 Necropolis
24:41 Ziggurat
27:07 Nerubian Tower
27:07 Nerubian Tower
27:09 Ziggurat
27:20 Necropolis
34:28 Nerubian Tower
36:33 Tree of Life
» items
| Rod of Necromancy | 4 | |
| Sacrificial Skull | 1 | |
| Dust of Appearance | 4 | |
| Potion of Healing | 1 | |
| Orb of Corruption | 4 | |
| Circlet of Nobility | 1 | |
| Scroll of Town Portal | 1 | |
| Potion of Lesser Invulnerability | 1 | |
17 total
MSK1.Abuseee (
blue | 77 APM | 2079 actions | 27:10)
1 Archmage
1 Blizzard
1 Blood Mage
1 Flame Strike
2 Mountain King
1 Storm Bolt
1 Bash
» actions
| Assign group hotkey | 27 | |
| Basic commands | 3 | |
| Build / train | 59 | |
| ESC pressed | 2 | |
| Enter build submenu | 26 | |
| Enter hero's abilities submenu | 4 | |
| Right click | 791 | |
| Select / deselect | 473 | |
| Select group hotkey | 635 | |
| Use ability | 59 | |
2079 total
» units
| Peasant | 9 | |
| Mortar Team | 6 | |
| Sorceress | 4 | |
| Siege Engine | 6 | |
| Knight | 1 | |
26 total
» upgrades
| Masonry | 3 | |
| Gunpowder | 3 | |
| Lumber Harvesting | 1 | |
| Sorceress Training | 1 | |
| Fragmentation Shards | 1 | |
| Barrage | 1 | |
| Plating | 3 | |
| Flare | 1 | |
14 total
» buildings
| Altar of Kings | 1 | |
| Farm | 10 | |
| Lumber Mill | 1 | |
| Scout Tower | 5 | |
| Arcane Tower | 1 | |
| Guard Tower | 3 | |
| Keep | 1 | |
| Arcane Vault | 1 | |
| Blacksmith | 1 | |
| Castle | 1 | |
| Workshop | 2 | |
| Arcane Sanctum | 1 | |
| Town Hall | 1 | |
| Barracks | 2 | |
31 total
» build order
00:08 Altar of Kings
00:19 Farm
00:35 Lumber Mill
00:56 Farm
01:24 Scout Tower
01:47 Farm
01:52 Arcane Tower
01:55 Scout Tower
02:25 Guard Tower
02:48 Keep
02:51 Arcane Vault
03:12 Scout Tower
03:16 Scout Tower
03:38 Blacksmith
04:29 Guard Tower
04:33 Scout Tower
05:20 Castle
05:24 Workshop
05:29 Workshop
05:35 Arcane Sanctum
05:46 Guard Tower
06:48 Farm
06:50 Farm
09:06 Farm
09:08 Farm
13:49 Farm
13:51 Farm
13:52 Farm
20:17 Town Hall
21:55 Barracks
21:57 Barracks
» items
| Scroll of Regeneration | 2 | |
| Mechanical Critter | 1 | |
| Staff of Teleportation | 1 | |
| Boots of Speed | 1 | |
| Lesser Clarity Potion | 1 | |
6 total
Chat log
(00:30 / All) Birdeneering: welcome to dragonblight, put on your jammies n beanies
(00:40 / All) fumywifeplz: yo tard
(00:46 / All) Birdeneering: what?
(00:48 / All) Birdeneering: hey wait
(00:49 / All) Birdeneering: bad manner?
(01:00 / All) Birdeneering: Please manner UP
(01:03 / All) AtariusMMDC: uhm. excuse me. insults AND resuming without asking? RUDE
(01:05 / All) fumywifeplz: rofl stfu
(01:06 / All) fumywifeplz: play
(01:15 / All) Birdeneering: we didn't unpause
(01:24 / All) Birdeneering: as we have ~excellent~ manners and bo
(01:26 / All) AtariusMMDC: we have what is called "MANNER"
(01:30 / All) AtariusMMDC: perhaps go to KOREA and you will LEARN about it
(02:03 / All) LoGiTecH-GaM1nG: Lana del ray
(02:06 / All) LoGiTecH-GaM1nG: born to die
(02:07 / All) LoGiTecH-GaM1nG: u know?
(02:10 / All) Birdeneering: hey wait a sex
(02:11 / All) NerotendoLXIV: not my fave
(02:14 / All) Birdeneering: stop!
(02:20 / All) MSK1.Abuseee: XD
(06:38 / All) Birdeneering: seems like ur noobs?
(07:32 / All) NerotendoLXIV: LMAO
(07:33 / All) AtariusMMDC: rofl
(07:34 / All) Birdeneering: woow
(10:52 / All) NerotendoLXIV: lol
(10:56 / All) Birdeneering: yesus noobs
(12:40 / All) NerotendoLXIV: lol
(12:42 / All) NerotendoLXIV: nice control
(15:57 / All) Birdeneering: funny to me
(16:00 / All) Birdeneering: how you maphack and still lose...
(16:18 / All) LoGiTecH-GaM1nG: u are stupid noob
(16:18 / All) LoGiTecH-GaM1nG: y
(16:30 / All) Birdeneering: own u with no units.. and u maphack
(16:31 / All) Birdeneering: Funny
(19:08 / All) NerotendoLXIV: lol
(19:50 / All) AtariusMMDC: rofl orange
(19:53 / All) AtariusMMDC: you were the one talking shit ?
(19:56 / All) AtariusMMDC: and you play like this
(20:35 / All) NerotendoLXIV: good aoe!
(20:52 / All) NerotendoLXIV: lmao
(21:07 / All) LoGiTecH-GaM1nG: u mh
(21:08 / All) LoGiTecH-GaM1nG: noob
(21:09 / All) NerotendoLXIV: lol!
(24:00 / All) NerotendoLXIV: towers don't move orange!
(24:00 / All) Birdeneering: play better now
(24:01 / All) fumywifeplz: canjt play with driknk omg
(27:12 / All) NerotendoLXIV: lol
(27:13 / All) AtariusMMDC: rofl get out trash
(27:14 / All) Birdeneering: lol
(27:15 / All) Birdeneering: u lose
(27:15 / All) Birdeneering: lmfao
(27:16 / All) AtariusMMDC: bad manner narbs
(27:25 / All) AtariusMMDC: learn to play better and not maphack
(28:42 / All) Birdeneering: red noob LOLLL
(28:44 / All) Birdeneering: LOLL
(28:48 / All) Birdeneering: NOOOB
(29:43 / All) Birdeneering: surprise.. bad manner undead stays last
(29:48 / All) NerotendoLXIV: garbage trash
(29:49 / All) NerotendoLXIV: quit now
(29:52 / All) Birdeneering: he can't win but stays forever cause he angry
(29:54 / All) NerotendoLXIV: http://highper.ch/ clan towa #1
(29:57 / All) Birdeneering: angry his noob undead wyrms didn't work
(30:02 / All) AtariusMMDC: this is not the first noob undead we have played.. it WONT be the last ;)
(30:04 / All) NerotendoLXIV: "it's not fair....i picked undead.....why didn't i win...."
(31:13 / All) Birdeneering: NOOOB LOOOL
(31:31 / All) Birdeneering: Good micro
(31:34 / All) Birdeneering: *clicks hero*
(31:48 / All) Birdeneering: undead micro.. clicks bloodmage with everything
(31:54 / All) Birdeneering: why didn't it work?? it's what you do every game..
(33:46 / All) Birdeneering: thx... more experiánce
(35:44 / All) NerotendoLXIV: lol
(35:46 / All) NerotendoLXIV: bye
(37:36 / All) Birdeneering: "good micro"
(37:38 / All) AtariusMMDC: fucking owned scrub
(37:44 / All) LoGiTecH-GaM1nG: stfu noob with mh
(37:46 / All) NerotendoLXIV: LOL
(37:52 / All) AtariusMMDC: get owned
(37:55 / All) Birdeneering: www.highper.ch
(37:55 / All) AtariusMMDC: get owned infinitely
(37:56 / All) Birdeneering: you are not alone
(38:46 / All) AtariusMMDC: it must be so painful to your ego to lose
(38:51 / All) AtariusMMDC: only to towers
(38:54 / All) AtariusMMDC: just 1 tower defeated you